 Dungeon Crawl Stone Soup version 0.29-a0-553-g81b289dbe5 (webtiles) character file.

Game seed: 13604774167994620062

1628 kae the Firebug (level 8, -2/57 HPs)
             Began as a Demigod Fire Elementalist on June 6, 2022.
             Slain by a sky beast (5 damage)
             ... on level 6 of the Dungeon.
             The game lasted 00:05:21 (8864 turns).

kae the Firebug (Demigod Fire Elementalist)         Turns: 8864, Time: 00:05:21

Health: -2/57      AC:  2    Str:  9    XL:     8   Next: 38%
Magic:  4/18       EV: 12    Int: 25    God:
Gold:   315        SH:  0    Dex: 14    Spells: 2/15 levels left

rFire   . . .      SeeInvis +   (no weapon)
rCold   . . .      Faith    .   (no shield)
rNeg    . . .      Spirit   .   a - +0 robe
rPois   .          Reflect  .   (no helmet)
rElec   .          Harm     .   (no cloak)
rCorr   .          Rampage  .   (no gloves)
Will    .....                   (no boots)
Stlth   ++........              c - amulet of the acrobat
HPRegen 0.19/turn               o - ring of see invisible
MPRegen 0.16/turn               (no ring)

@: no status effects
A: high MP 1, forlorn, divine attributes
a: no special abilities


You were on level 6 of the Dungeon.
You visited 1 branch of the dungeon, and saw 6 of its levels.

You collected 315 gold pieces.

Inventory:

Armour
 a - a +0 robe (worn)
Jewellery
 c - an amulet of the acrobat (around neck)
 f - an amulet of guardian spirit
 n - a ring of ice
 o - a ring of see invisible (left hand)
Wands
 g - a wand of polymorph (8)
Scrolls
 h - 3 scrolls of blinking
Potions
 b - 3 potions of magic
 d - 2 potions of might
 e - a potion of resistance
 i - a potion of berserk rage
 j - 2 potions of attraction
 k - 4 potions of curing
 l - a potion of ambrosia
 m - a potion of mutation {unknown}


   Skills:
 - Level 1.7 Dodging
 - Level 1.7 Stealth
 + Level 4.4 Spellcasting
 * Level 6.3 Conjurations
 * Level 6.9 Fire Magic


You had 2 spell levels left.
You knew the following spells:

 Your Spells              Type           Power      Damage    Failure   Level
a - Foxfire               Conj/Fire      100%       2x1d9     1%          1
b - Scorch                Fire           80%        2d9       1%          2
c - Conjure Flame         Conj/Fire      38%        6-21      1%          3
d - Inner Flame           Hex/Fire       22%        N/A       6%          3
e - Flame Wave            Conj/Fire      38%        2d9       5%          4

Your spell library contained the following spells:

 Spells                   Type           Power      Damage    Failure   Level
 Malign Gateway           Summ/Tloc      2%         N/A       100%        7
 Summon Horrible Things   Summ           2%         N/A       100%        8


Dungeon Overview and Level Annotations

Branches:
Dungeon (6/15)             Temple (0/1) D:5

Shops:
D:4 **

Annotations:
D:4 Edmund
D:5 Ijyb


Innate Abilities, Weirdness & Mutations

You have an increased reservoir of magic. (+10% MP)
You shall have no god before yourself.
Your divine heritage dramatically boosts your attributes as you level up.


Message History

The gnoll barely misses you.
A wave of flame ripples out!
The flame wave engulfs the gnoll.
You kill the gnoll!
The flame wave engulfs the sky beast.
The sky beast is lightly wounded.
The sky beast completely misses you.
A wave of flame ripples out!
The flame wave engulfs the sky beast.
The sky beast is moderately wounded.
You finish channelling waves of flame.
You hear a croak.
The sky beast hits you. The sky beast shocks you.
Casting: Flame Wave (dangerous; 5% risk of failure)
Confirm with . or Enter, or press ? or * to list all spells.
Flames lash the sky beast.
The sky beast is moderately wounded.
The sky beast's fire resistance burns away.
The sky beast misses you. The sky beast hits you. The sky beast shocks you.
Casting: Scorch (safe; 1% risk of failure)
Confirm with . or Enter, or press ? or * to list all spells.
Flames lash the sky beast.
The sky beast is burned terribly!
The sky beast is severely wounded.
A bullfrog comes into view.
The sky beast misses you.
The sky beast flickers out of sight for a moment.
The sky beast hits you. The sky beast shocks you.
* * * LOW HITPOINT WARNING * * *
Casting: Scorch (safe; 1% risk of failure)
Confirm with . or Enter, or press ? or * to list all spells.
Flames lash the bullfrog.
The bullfrog is severely wounded.
The bullfrog's fire resistance burns away.
The bullfrog hits you!
* * * LOW HITPOINT WARNING * * *
The bullfrog hits you.
* * * LOW HITPOINT WARNING * * *
The sky beast hits you.
* * * LOW HITPOINT WARNING * * *
The sky beast shocks you.
You die...

. ###### .Y
######....### ...
...........#### ..
..#......)...#
#.#.#.F........#
.###...#.Y@.......#
.........)........#
####...#######.####
###. ##†##### #.
#......# #.
#......# #.
#......# ..
#......# ##
#....[.#


You could see a sky beast (invisible, combustible) and a bullfrog (combustible).

Vanquished Creatures
  Sigmund (D:2)
  Menkaure (D:5)
  2 water moccasins
  Duvessa (D:5)
  An ice beast (D:5)
  A phantom (D:4)
  Blork the orc (D:5)
  2 scorpions (D:5)
  Dowan (D:5)
  4 hounds
  An orc priest (D:3)
  A jelly (D:5)
  3 iguanas (D:6)
  3 orc wizards (D:3)
  Robin (D:1)
  10 adders
  6 gnolls
  A white imp (D:5)
  6 worms
  3 dart slugs
  13 orcs
  7 ball pythons
  6 endoplasms
  3 giant cockroaches
  14 goblins
  10 hobgoblins
  5 jackals
  2 quokkas
  4 bats
  4 frilled lizards
  7 kobolds
  6 rats
131 creatures vanquished.

Vanquished Creatures (others)
  467 foxfires
467 creatures vanquished.

Grand Total: 598 creatures vanquished

Notes
Turn   | Place    | Note
-------+----------+-------------------------------------------
     0 | D:1      | kae the Demigod Fire Elementalist began the quest for the
                  | Orb.
     0 | D:1      | Reached XP level 1. HP: 14/14 MP: 5/5
    93 | D:1      | Reached skill level 1 in Conjurations
   566 | D:1      | Reached XP level 2. HP: 13/20 MP: 4/7
  1094 | D:1      | Learned a level 2 spell: Scorch
  1833 | D:2      | Noticed Robin
  1865 | D:1      | Killed Robin
  1866 | D:1      | Reached XP level 3. HP: 10/26 MP: 0/8
  2809 | D:2      | Reached XP level 4. HP: 32/33 MP: 8/10
  2813 | D:2      | Learned a level 3 spell: Conjure Flame
  2834 | D:2      | Noticed Sigmund
  2867 | D:2      | Killed Sigmund
  2868 | D:2      | Reached XP level 5. HP: 34/38 MP: 4/12
  3969 | D:3      | Reached XP level 6. HP: 45/45 MP: 4/13
  5172 | D:4      | Reached skill level 5 in Fire Magic
  5274 | D:4      | Noticed Edmund
  5617 | D:4      | Learned a level 3 spell: Inner Flame
  5710 | D:4      | Found Usoumy's Specific Store.
  5714 | D:4      | Found Ludoaq's General Store.
  6133 | D:5      | Entered Level 5 of the Dungeon
  6153 | D:5      | Noticed Menkaure
  6162 | D:5      | Killed Menkaure
  6163 | D:5      | Reached XP level 7. HP: 15/50 MP: 10/15
  6877 | D:5      | Noticed Ijyb
  7044 | D:5      | Noticed Duvessa
  7045 | D:5      | Noticed Dowan
  7087 | D:5      | Killed Duvessa
  7088 | D:5      | Reached skill level 5 in Conjurations
  7384 | D:5      | Killed Dowan
  7449 | D:5      | Found a staircase to the Ecumenical Temple.
  7466 | D:5      | Noticed Blork the orc
  7473 | D:5      | Killed Blork the orc
  7710 | D:5      | Reached XP level 8. HP: 48/57 MP: 10/17
  8483 | D:6      | Learned a level 4 spell: Flame Wave
  8864 | D:6      | Slain by a sky beast

Illustrated notes

Levels and vault maps discovered:
D:1:      onia_arrival_mini_maze, layout_basic,
          hellmonk_ecumenical_altar_zigzags, bh_walls_and_bars
D:2:      layout_loops_cross, corexii_leaking_fountain, kennysheep_another_room,
          uniq_robin, uniq_sigmund
D:3:      layout_rooms, kennysheep_okawaru_gauntlet, minivault_27,
          kennysheep_generic_room_12
D:4:      layout_loops_ring, cheibrodos_sewer_entry_bend,
          nicolae_specific_store, uniq_edmund
D:5:      minmay_octagon_keep, layout_loops_ring, amcnicky_altar_gilded,
          temple_doors_e, nrook_mini_vaults, cheibrodos_gnoll_hut,
          uniq_menkaure, uniq_blork_the_orc, uniq_ijyb, uniq_duvessa
D:6:      layout_basic, eino_tiny_chamber, kennysheep_path_1, st_stairs_14,
          chequers_serial_rivers_room_a

Skill      XL: |  1  2  3  4  5  6  7  8 |
---------------+-------------------------+-----
Conjurations   | 1 2 3 4 5 6 |  6.3
Fire Magic     | 3 4 5 6 |  6.9
Spellcasting   | 2 3 4 |  4.4
Dodging        | |  1.7
Stealth        | |  1.7

Action                   |  1- 3 |  4- 6 |  7- 9 || total
-------------------------+-------+-------+-------++-------
Melee: Unarmed           |    18 |       |    10 ||    28
 Cast: Foxfire           |    86 |   128 |    58 ||   272
       Scorch            |     4 |    16 |    29 ||    49
       Conjure Flame     |       |     1 |     3 ||     4
       Flame Wave        |       |       |     1 ||     1
  Use: Scroll            |     2 |    10 |       ||    12
       Potion            |     2 |       |       ||     2
Armor: Robe              |    10 |     5 |     4 ||    19
Dodge: Dodged            |    37 |    29 |   100 ||   166

Table legend: (Time is in decaauts)
 A = Elapsed time spent in this place.
 B = Non-inter-level travel time spent in this place.
 C = Inter-level travel time spent in this place.
 D = Time resting spent in this place.
 E = Time spent auto-exploring this place.
 F = Levels seen in this place.
 G = Mean time per level.
                   A        B        C        D        E       F      G
               +--------+--------+--------+--------+--------+-----+--------+
         Total |   8866 |   8689 |    177 |    798 |   6577 |   6 | 1477.7 |
       Dungeon |   8866 |   8689 |    177 |    798 |   6577 |   6 | 1477.7 |
               +--------+--------+--------+--------+--------+-----+--------+

Top non-repeatable levels by time:
     D:1: 2008 daAuts
     D:5: 1931 daAuts
     D:4: 1530 daAuts
     D:2: 1503 daAuts
     D:3: 1486 daAuts
     D:6: 407 daAuts
